 Dungeon Crawl Stone Soup version 0.24.0-13-gcf9b3192b9 (webtiles) character file.

Game seed: 8745170473159673798, levelgen mode: deterministic

2233 sking99 the Martial Artist (level 9, -4/62 HPs)
             Began as an Octopode Transmuter on Nov 8, 2019.
             Was an Initiate of Gozag.
             Killed by nerve-wracking pain
             ... invoked by a shadow imp
              (9 damage)
             ... on level 6 of the Dungeon.
             The game lasted 00:18:51 (11186 turns).

sking99 the Martial Artist (Octopode Transmuter)   Turns: 11186, Time: 00:18:52

Health: -4/62      AC:  2    Str:  9    XL:     9   Next: 36%
Magic:  15/16      EV: 22    Int: 18    God:    Gozag
Gold:   668        SH:  0    Dex: 18    Spells: 8/17 levels left

rFire    . . .     SeeInvis +     - Unarmed
rCold    . . .     Gourm    +   (shield currently unavailable)
rNeg     . . .     Faith    .   (helmet currently unavailable)
rPois    x         Spirit   .   t - amulet of the gourmand
rElec    .         Reflect  .   h - ring of see invisible
rCorr    .         Harm     .   p - ring of flight
MR       .....                  (no ring)
Stlth    ++........             (no ring)
HPRegen  0.20/turn              (no ring)
MPRegen  0.15/turn              (no ring)
                                (no ring)
                                (no ring)

@: spider-form (expiring), gold aura
A: tiny, almost no armour, stealthy swim, (amphibious), 8 rings, (constrict 8)
a: End Transformation, Potion Petition, Call Merchant, Bribe Branch, Renounce
Religion, Evoke Flight


You were on level 6 of the Dungeon.
You worshipped Gozag.
Gozag was pleased with you.
You were very hungry.
You were a venomous arachnid creature.
You visited 2 branches of the dungeon, and saw 7 of its levels.
You also visited: Sewer.

You collected 736 gold pieces.
You paid 68 gold pieces to Gozag.

Inventory:

Missiles
 a - 225 arrows (quivered)
Jewellery
 h - a ring of see invisible (left front leg)
 p - a ring of flight (right front leg)
 r - a cursed ring of attention {unknown}
 t - an amulet of the gourmand (around neck)
 z - an uncursed ring of resist corrosion {unknown}
Wands
 v - a wand of flame (18)
Scrolls
 b - 2 scrolls of immolation
 d - a scroll of enchant weapon
 e - a scroll of remove curse
 g - 3 scrolls of fear
 i - 2 scrolls of teleportation
 j - 4 scrolls of blinking
 o - 2 scrolls of amnesia
 u - a scroll of identify
 w - a scroll of holy word
 y - 2 scrolls of fog {unknown}
Potions
 f - 2 potions of resistance {unknown}
 k - 5 potions of heal wounds
 l - a potion of magic {unknown}
 m - 2 potions of degeneration {unknown}
 n - 3 potions of curing {unknown}
 q - a potion of cancellation {unknown}
 s - a potion of invisibility
 x - a potion of flight {unknown}
Comestibles
 c - 9 rations


   Skills:
 + Level 5.8 Fighting
 + Level 3.9 Dodging
 * Level 8.9 Unarmed Combat
 - Level 4.7 Spellcasting
 - Level 3.0 Transmutations
 - Level 2.2 Poison Magic


You had 8 spell levels left.
You knew the following spells:

 Your Spells              Type           Power        Failure   Level  Hunger
a - Ice Form              Ice/Tmut       #.......     78%         4    ####...
b - Sticks to Snakes      Tmut           ###.....     17%         2    #......
c - Spider Form           Tmut/Pois      ##........   32%         3    ###....

Your spell library contained the following spells:

 Spells                   Type           Power        Failure   Level  Hunger
 Beastly Appendage        Tmut           ###...       13%         1    None
 Blade Hands              Tmut           ###.......   88%         5    ######.


Dungeon Overview and Level Annotations

Branches:
Dungeon (6/15)             Temple (1/1) D:5           Sewer (visited)

Altars:
Ashenzari
Cheibriados
Dithmenos
Elyvilon
Gozag
Kikubaaqudgha
Makhleb
Nemelex Xobeh
Sif Muna
Trog
Uskayaw
Vehumet
Wu Jian
Xom
Yredelemnul
Zin
The Shining One


Innate Abilities, Weirdness & Mutations

You cannot wear most types of armour.
You are very stealthy in the water. (Stealth+)
((You are amphibious.))
You can wear up to eight rings at the same time.
((You can use your tentacles to constrict eight enemies at once.))
((Your skin changes colour to match your surroundings (Stealth+).))
((Your rubbery body absorbs attacks. (AC +1, EV +1)))


Message History

You kill the ice beast!
The worker ant completely misses you.
You hit the worker ant but do no damage.
The worker ant is poisoned.
The worker ant bites you.
* * * LOW HITPOINT WARNING * * *
You hit the worker ant but do no damage.
The worker ant looks as sick as possible!
The worker ant is lightly wounded.
The worker ant becomes distracted by the nearby gold, dreaming of imaginary riches.
The worker ant is no longer distracted by gold.
You see here 9 gold pieces.
You kill the worker ant!
The shadow imp gestures at you. Pain shoots through your body!
* * * LOW HITPOINT WARNING * * *
Your transformation is almost over.
The shadow imp gestures at you. Pain shoots through your body!
You die...
Your body crumbles into a pile of gold.

******,,,,,,.......##...........#
*,,,,........................
*****,,,,.....................#..
*,,,,,,,,........................
,,.,,,,,,......................#.
,,..,,,,,........................
,,...,,,,.....)..................
,,....,,,>,,#.....#..............
,,....<,*****###s................
,,......######....###............
,,......$$$5...#..###.........#..
,,......########..............#..
,,.$...,* #####..........###
,,....,,* #.............
,,...,,,* ***#..#.....####.
,,..,,,,* *,,..*#####......
,,.,,,,** *,,.,,.......)...


You could see a shadow imp.

Vanquished Creatures
  Duvessa (D:5)
  2 ice beasts
  3 ogres (D:5)
  A phantom (D:4)
  A centaur (D:6)
  A crocodile (Sewer)
  A big kobold (D:5)
  Blork the orc (D:6)
  2 bullfrogs
  Dowan (D:5)
  3 scorpions
  A centaur zombie (D:5)
  4 crimson imps
  8 orc priests
  A hound (D:6)
  8 orc wizards
  2 iguanas
  A worker ant (D:6)
  Robin (D:4)
  A gnoll (D:3)
  5 adders
  A howler monkey skeleton (D:6)
  2 oozes
  An adder skeleton (D:6)
  An adder zombie (D:3)
  3 worms
  A dart slug (D:4)
  4 leopard geckos
  31 orcs
  8 bats
  5 giant cockroaches
  18 goblins
  10 hobgoblins
  7 jackals
  18 kobolds
  3 quokkas
  3 ball pythons
  10 frilled lizards
  10 rats
185 creatures vanquished.

Vanquished Creatures (collateral kills)
  An orc wizard (D:5)
  A ball python (D:5)
  A bat (D:1)
3 creatures vanquished.

Grand Total: 188 creatures vanquished

Notes
Turn   | Place    | Note
-------+----------+-------------------------------------------
     0 | D:1      | sking99 the Octopode Transmuter began the quest for the
                  | Orb.
     0 | D:1      | Reached XP level 1. HP: 13/13 MP: 3/3
   244 | D:1      | Reached XP level 2. HP: 18/18 MP: 5/5
   248 | D:1      | Learned a level 2 spell: Sticks to Snakes
   773 | D:1      | Reached XP level 3. HP: 23/23 MP: 6/6
   778 | D:1      | Learned a level 3 spell: Spider Form
  2654 | D:2      | Reached XP level 4. HP: 28/29 MP: 7/7
  2695 | D:2      | Reached skill level 1 in Poison Magic
  2696 | D:2      | Found a white marble altar of Elyvilon.
  3646 | D:3      | Reached skill level 4 in Unarmed Combat
  4001 | D:3      | Reached XP level 5. HP: 27/34 MP: 2/8
  4617 | D:3      | Found a shadowy altar of Dithmenos.
  4740 | D:3      | Found a glowing golden altar of the Shining One.
  4740 | D:3      | Found a burning altar of Makhleb.
  4817 | D:3      | Found a shimmering blue altar of Sif Muna.
  5642 | D:2      | Found a sparkling altar of Nemelex Xobeh.
  5697 | D:4      | Noticed Robin
  5920 | D:4      | Killed Robin
  6062 | D:4      | Reached XP level 6. HP: 21/41 MP: 6/10
  7155 | D:4      | Reached skill level 5 in Unarmed Combat
  7167 | D:4      | Noticed an ice beast
  7179 | D:4      | Killed an ice beast
  7495 | D:4      | Found a bloodstained altar of Trog.
  7626 | D:4      | Noticed a phantom
  7634 | D:4      | Reached XP level 7. HP: 38/46 MP: 8/12
  7936 | D:5      | Entered Level 5 of the Dungeon
  7985 | D:5      | Noticed Duvessa
  7985 | D:5      | Noticed Dowan
  8131 | D:5      | Killed Duvessa
  8131 | D:5      | Reached skill level 6 in Unarmed Combat
  8269 | D:5      | Killed Dowan
  8280 | D:5      | Reached XP level 8. HP: 31/54 MP: 7/14
  8426 | D:5      | Found a staircase to the Ecumenical Temple.
  8450 | Temple   | Entered the Ecumenical Temple
  8517 | Temple   | Became a worshipper of Gozag Ym Sagoz the Greedy
  9079 | D:5      | Reached skill level 7 in Unarmed Combat
  9737 | D:5      | Reached skill level 5 in Fighting
  9893 | D:5      | Reached skill level 8 in Unarmed Combat
 10090 | D:5      | Found a sparkling altar of Nemelex Xobeh.
 10230 | D:5      | Reached XP level 9. HP: 43/61 MP: 13/16
 10526 | D:6      | Found a glowing drain.
 10535 | Sewer    | Entered a sewer
 10853 | Sewer    | Learned a level 4 spell: Ice Form
 10925 | D:6      | Noticed Blork the orc
 10933 | D:6      | Killed Blork the orc
 11186 | D:6      | Killed from afar by a shadow imp

Levels and vault maps discovered:
D:1:      sevenhm_arrival_forest_fort_large_4, layout_rooms, chequers_big_river,
          minmay_close_crescents
D:2:      layout_loops_ring, nicolae_overflow_hidden_temple, elyvilon_altar_5
D:3:      layout_loops_corners, grunt_dithmenos_smoke,
          gammafunk_temple_overflow_claw, minmay_randomly_rotated_circles
D:4:      layout_loops_ring, lightli_temple_of_fire, first_ration,
          kennysheep_nondescript, chequers_serial_rivers_small_b, uniq_robin
D:5:      layout_rooms, minmay_temple_entry_statues_fountains,
          nemelex_spade_bored_becter, uniq_duvessa
D:6:      layout_rooms, gup_sewer_entry_bowl, uniq_blork_the_orc,
          uniq_crazy_yiuf_cottage
Temple:   cyrus_temple_forest

Skill      XL: |  1  2  3  4  5  6  7  8 |
---------------+-------------------------+-----
Poison Magic   | 1 2 |  2.2
Unarmed Combat | 4 5 6 8 |  8.9
Fighting       | 2 3 5 |  5.8
Transmutations | 3 |  3.0
Spellcasting   | 3 4 |  4.7
Dodging        | 3 |  3.9

Action                   |  1- 3 |  4- 6 |  7- 9 || total
-------------------------+-------+-------+-------++-------
Melee: Unarmed           |   111 |   165 |   277 ||   553
       Constrict         |    19 |    23 |    11 ||    53
       Tentacles         |     8 |    18 |    11 ||    37
       Punch             |     2 |     1 |     3 ||     6
       Kick              |     5 |       |       ||     5
 Cast: Beastly Appendage |     8 |       |       ||     8
       Sticks to Snakes  |     2 |       |     4 ||     6
       Spider Form       |     2 |    19 |    25 ||    46
  Use: Scroll            |       |     7 |     4 ||    11
 Stab: Sleeping          |     6 |     8 |     1 ||    15
       Distracted        |       |     1 |     3 ||     4
  Eat: Chunk             |     6 |    24 |     7 ||    37
       Ration            |       |     1 |       ||     1
Armor: Skin              |    11 |     4 |    16 ||    31
Dodge: Dodged            |    75 |   119 |   234 ||   428
